[Event "Titled Tuesday Blitz March 01 Early 2022"]
[White "Janaszak, Dawid"]
[Black "Muradov, Soltan"]
[WhiteFideId "1119206"]
[BlackFideId "14002108"]
[WhiteElo "2199"]
[BlackElo "1854"]
[Result "1-0"]
[Round "03"]
[TimeControl "180+1"]
[Date "2022.03.01"]
[WhiteClock "0:00:13"]
[BlackClock "0:00:06"]

1. e4 e5 2. Nf3 Nf6 3. Nxe5 d6 4. Nf3 Nxe4 5. Nc3 Nxc3 6. dxc3 Nc6 7. Be3 Be7 8. Bd3 Be6 9. Qe2 h6 10. O-O-O Qd7 11. Bb5 a6 12. Ne5 axb5 13. Nxd7 Kxd7 14. a3 Bc4 15. Qg4+ Be6 16. Qh5 Ra5 17. Qf3 Ne5 18. Qxb7 Nc4 19. Bf4 Rha8 20. Rhe1 Bf6 21. Rd3 R8a7 22. Qf3 b4 23. Rxe6 fxe6 24. cxb4 Bxb2+ 25. Kd1 Rxa3 26. Rxa3 Rxa3 27. Qb7 Nb6 28. b5 Nd5 29. Qc6+ Kd8 30. Bxd6 Ra1+ 31. Ke2 cxd6 32. Qxd6+ Ke8 33. Qxe6+ Ne7 34. b6 Bd4 35. b7 Rb1 36. Qc8+ Kf7 37. b8=Q 1-0


[Site "https://www.chess.com"]

[Event "Titled Tuesday Blitz March 01 Early 2022"]
[White "Jarocka, Liwia"]
[Black "Ambartsumova, Karina"]
[WhiteFideId "21807558"]
[BlackFideId "4166299"]
[WhiteElo "1896"]
[BlackElo "2262"]
[Result "0-1"]
[Round "03"]
[TimeControl "180+1"]
[Date "2022.03.01"]
[WhiteClock "0:00:11"]
[BlackClock "0:00:08"]

1. f4 g6 2. Nf3 Bg7 3. g3 b6 4. Bg2 Bb7 5. O-O Nf6 6. d3 d5 7. Ne5 Nbd7 8. Nc3 O-O 9. Kh1 c5 10. e4 dxe4 11. Nxd7 Qxd7 12. dxe4 Rad8 13. Qe2 e6 14. Be3 Bc6 15. Rfd1 Qb7 16. e5 Bxg2+ 17. Qxg2 Qxg2+ 18. Kxg2 Nd5 19. Kf3 Nxc3 20. bxc3 f6 21. Ke4 Kf7 22. a4 Rxd1 23. Rxd1 Ke7 24. h4 Rd8 25. Rxd8 Kxd8 26. exf6 Bxf6 27. c4 Kd7 28. a5 bxa5 29. Bxc5 a4 30. Kd3 Kc6 31. Ba3 h5 32. c3 e5 33. Bc1 exf4 34. Bxf4 a3 35. Kc2 a2 36. Kb2 Bxc3+ 37. Kxa2 Kc5 38. Kb3 Bd4 39. Bb8 Kb6 40. Kc2 Kb7 41. Bf4 a5 42. Kd3 Bf6 43. c5 Kc6 44. Kc4 Be7 45. Be3 a4 46. Bf2 a3 47. Kb3 Bxc5 48. Be1 Bd6 49. Bf2 Kd5 50. Be1 Ke4 0-1


[Site "https://www.chess.com"]

[Event "Titled Tuesday Blitz March 01 Early 2022"]
[White "Jaskolka, Tomasz"]
[Black "Gelman, Alexander"]
[WhiteFideId "1170791"]
[BlackFideId "4118316"]
[WhiteElo "2054"]
[BlackElo "2375"]
[Result "0-1"]
[Round "03"]
[TimeControl "180+1"]
[Date "2022.03.01"]
[WhiteClock "0:00:03"]
[BlackClock "0:00:12"]

1. d4 Nf6 2. Bf4 b6 3. e3 Bb7 4. Nd2 d6 5. Ngf3 Nbd7 6. Be2 c5 7. O-O Nh5 8. Bg3 g6 9. c3 Nxg3 10. hxg3 Bg7 11. e4 O-O 12. Re1 cxd4 13. cxd4 Rc8 14. Rc1 Rxc1 15. Qxc1 Qa8 16. Bd3 Rc8 17. Qb1 Nf8 18. d5 Nd7 19. b4 a5 20. a3 axb4 21. axb4 Qa3 22. Nc4 Qa4 23. Rc1 Ba6 24. Nfd2 Bb5 25. Qb3 Qa6 26. Rc2 Qa1+ 27. Kh2 Qe1 28. Nf3 Qa1 29. Nfd2 Ra8 30. g4 Ba4 31. Qa2 Bxc2 32. Qxc2 Rc8 33. Qb3 Qd4 34. f3 Qf2 35. Qc2 Bd4 36. Qd1 b5 37. Na5 Ne5 38. Bxb5 Be3 39. Nab3 Rc3 40. Qe2 Qg1+ 41. Kg3 Bxd2 42. Nxd2 Qd4 43. Bc6 Qxb4 44. Be8 Qb2 45. Bc6 Rc2 46. Qa6 Rxd2 47. Qc8+ Kg7 48. Kf4 Rxg2 49. Qd8 Qd2# 0-1


[Site "https://www.chess.com"]

[Event "Titled Tuesday Blitz March 01 Early 2022"]
[White "Jumabayev, Rinat"]
[Black "Suder, Jakub"]
[WhiteFideId "13702661"]
[BlackFideId "1195310"]
[WhiteElo "2561"]
[BlackElo "2058"]
[Result "1-0"]
[Round "03"]
[TimeControl "180+1"]
[Date "2022.03.01"]
[WhiteClock "0:00:10"]
[BlackClock "0:00:02"]

1. d4 d5 2. c4 e6 3. Nc3 a6 4. cxd5 exd5 5. Bf4 c6 6. e3 Bd6 7. Nge2 Nf6 8. Qc2 O-O 9. Bg5 Bg4 10. f3 Bh5 11. Nf4 Bxf4 12. Bxf4 Bg6 13. Qb3 Qe7 14. g4 c5 15. g5 Nh5 16. Nxd5 Qd8 17. Bc7 Qe8 18. dxc5 Nc6 19. Bd6 Ne5 20. Be2 Rd8 21. Rd1 Kh8 22. Rg1 f6 23. f4 Nc6 24. gxf6 Nxf6 25. Bxf8 Qxf8 26. Nxf6 Rxd1+ 27. Qxd1 Qxf6 28. Qd6 Qf7 29. Rg5 Bb1 30. a3 h6 31. Rd5 Be4 32. Rd2 Qa2 33. Kf2 Qf7 34. Bg4 h5 35. Qe6 Qf8 36. Qxe4 hxg4 37. Rd5 Qf7 38. Rg5 Kg8 39. Kg3 Ne7 40. Kxg4 Kf8 41. Kg3 Kg8 42. Qe5 g6 43. h4 Nf5+ 44. Kf2 Qb3 45. Rxg6+ Kh7 46. Qxf5 Qxb2+ 47. Kg3 Qe5 48. fxe5 1-0


[Site "https://www.chess.com"]

[Event "Titled Tuesday Blitz March 01 Early 2022"]
[White "Kanyamarala, Trisha"]
[Black "De Silva, L M S T"]
[WhiteFideId "45004722"]
[BlackFideId "9953698"]
[WhiteElo "2002"]
[BlackElo "1631"]
[Result "0-1"]
[Round "03"]
[TimeControl "180+1"]
[Date "2022.03.01"]
[WhiteClock "0:00:01"]
[BlackClock "0:01:28"]

1. c4 e5 2. Nc3 Nf6 3. d3 d5 4. cxd5 Nxd5 5. g3 Nc6 6. Bg2 Be6 7. Nf3 Be7 8. O-O Nb6 9. a3 a5 10. b3 a4 11. b4 Bf6 12. Ne4 Be7 13. Bb2 f5 14. Nc5 Bxc5 15. bxc5 Nd7 16. Qc1 O-O 17. d4 e4 18. Ng5 Bd5 19. Nh3 Na5 20. Qc2 Nf6 21. Nf4 Nb3 22. Rad1 c6 23. f3 Re8 24. Nxd5 Nxd5 25. fxe4 Ne3 26. Qd3 Nxd1 27. Rxd1 Qe7 28. e5 Rad8 29. Qc4+ Qf7 30. Qxa4 Rxe5 31. Rd3 Nxc5 32. dxc5 Rxd3 33. exd3 Re1+ 34. Kf2 Qe7 35. Qa8+ Kf7 36. Bf3 Qe3+ 37. Kg2 Rg1+ 38. Kh3 Qh6+ 0-1


[Site "https://www.chess.com"]

[Event "Titled Tuesday Blitz March 01 Early 2022"]
[White "Karttunen, Mika"]
[Black "Timofeev, Artyom"]
[WhiteFideId "502081"]
[BlackFideId "4140419"]
[WhiteElo "2343"]
[BlackElo "2583"]
[Result "0-1"]
[Round "03"]
[TimeControl "180+1"]
[Date "2022.03.01"]
[WhiteClock "0:00:08"]
[BlackClock "0:00:14"]

1. e4 c5 2. Nf3 Nc6 3. d4 cxd4 4. Nxd4 e5 5. Nb5 a6 6. Nd6+ Bxd6 7. Qxd6 Qe7 8. Qc7 d5 9. Qxe7+ Ngxe7 10. exd5 Nxd5 11. c3 Be6 12. Nd2 O-O-O 13. Ne4 f5 14. Nc5 Bf7 15. Bg5 Nf6 16. Bxf6 gxf6 17. b3 Kc7 18. Rd1 a5 19. Be2 b6 20. Rxd8 Rxd8 21. Na4 f4 22. g3 Bg6 23. Nb2 Bb1 24. a4 Bc2 25. Bd1 Bxd1 26. Nxd1 f3 27. Nb2 e4 28. Nc4 Rd3 29. Ne3 Kb7 30. Nd1 f5 31. O-O Ne5 32. h3 h5 33. Ne3 Rxc3 34. Nxf5 Rxb3 35. Nd6+ Ka6 36. Nxe4 Rb4 37. Nf6 h4 38. g4 Rxa4 39. Re1 Ng6 40. Re3 Ra1+ 41. Kh2 a4 42. Nd5 Kb5 43. Nxb6 Kxb6 44. Re6+ Kb5 45. Rxg6 a3 46. Rg8 Rf1 47. Rb8+ Kc4 48. Rc8+ Kd3 49. Rd8+ Ke2 50. Re8+ Kxf2 51. Ra8 Ra1 52. g5 Ke3 53. g6 f2 54. Re8+ Kd3 55. Rd8+ Kc4 56. g7 Rg1 57. Rf8 Rxg7 58. Rxf2 Ra7 59. Rf4+ Kd3 60. Rf3+ Ke2 0-1


[Site "https://www.chess.com"]

[Event "Titled Tuesday Blitz March 01 Early 2022"]
[White "Kejzar, Petra"]
[Black "Maatman, Nick"]
[WhiteFideId "14610213"]
[BlackFideId "1040391"]
[WhiteElo "2006"]
[BlackElo "2522"]
[Result "0-1"]
[Round "03"]
[TimeControl "180+1"]
[Date "2022.03.01"]
[WhiteClock "0:00:05"]
[BlackClock "0:00:43"]

1. e4 e6 2. c4 d5 3. cxd5 exd5 4. exd5 Nf6 5. Nc3 Bd6 6. Bd3 O-O 7. Nge2 Re8 8. O-O Nbd7 9. Bc2 Bxh2+ 10. Kxh2 Ng4+ 11. Kg3 Ndf6 12. Nf4 g5 13. Ne6 fxe6 14. d4 exd5 15. Bxg5 Qd6+ 16. f4 Nh5+ 17. Kh4 h6 18. Qd3 hxg5+ 19. Kxg5 Qf6+ 20. Kxh5 Qh6# 0-1


[Site "https://www.chess.com"]

[Event "Titled Tuesday Blitz March 01 Early 2022"]
[White "Kett, Tim"]
[Black "Kozusek, Daniel"]
[WhiteFideId "1801210"]
[BlackFideId "349500"]
[WhiteElo "2098"]
[BlackElo "2206"]
[Result "1-0"]
[Round "03"]
[TimeControl "180+1"]
[Date "2022.03.01"]
[WhiteClock "0:00:27"]
[BlackClock "0:00:02"]

1. e4 e6 2. d4 d5 3. e5 c5 4. c3 Nc6 5. Nf3 Qb6 6. Bd3 cxd4 7. O-O Bd7 8. cxd4 Nxd4 9. Nxd4 Qxd4 10. Nc3 Ne7 11. Nb5 Qxe5 12. Qf3 Bxb5 13. Bxb5+ Nc6 14. Bf4 Qf6 15. Rac1 Rc8 16. Rfe1 g5 17. Qxd5 gxf4 18. Rxc6 bxc6 19. Bxc6+ Rxc6 20. Qxc6+ Ke7 21. Qc7+ Ke8 22. Rd1 Bd6 23. Qxd6 h5 24. Rc1 Qd8 25. Qxf4 Qd7 26. Qb8+ 1-0


[Site "https://www.chess.com"]

[Event "Titled Tuesday Blitz March 01 Early 2022"]
[White "Kirillov, Dmitry"]
[Black "Goryachkina, Aleksandra"]
[WhiteFideId "34180572"]
[BlackFideId "4147103"]
[WhiteElo "2076"]
[BlackElo "2426"]
[Result "1-0"]
[Round "03"]
[TimeControl "180+1"]
[Date "2022.03.01"]
[WhiteClock "0:00:11"]
[BlackClock "0:00:02"]

1. d4 Nf6 2. c4 e6 3. Nf3 d5 4. e3 b6 5. b3 Bd6 6. Bd3 O-O 7. O-O Bb7 8. cxd5 exd5 9. Nc3 a6 10. Bb2 Nbd7 11. Rc1 Qe7 12. Re1 Ne4 13. g3 f5 14. Nh4 g5 15. Ng2 Qe6 16. f3 Nef6 17. Qc2 Nh5 18. e4 f4 19. g4 Ng7 20. exd5 Qh6 21. Qf2 Nf6 22. h4 Rae8 23. Rxe8 Rxe8 24. Re1 Rf8 25. hxg5 Qxg5 26. Qh4 Qxh4 27. Nxh4 Nxd5 28. Bc4 c6 29. Kf2 b5 30. Nxd5 cxd5 31. Bd3 Bc8 32. Rc1 Bd7 33. Ng2 Ne6 34. Rh1 Rf7 35. Nh4 Nd8 36. Nf5 Bxf5 37. Bxf5 Rc7 38. Rh6 Rc6 39. Rxh7 Bc7 40. Rd7 Bb6 41. Rxd5 Nf7 42. Rd7 Nd6 43. Bd3 b4 44. Ke2 Nb5 45. d5 Rh6 46. Rg7+ Kf8 47. Bxb5 axb5 48. Rg5 Rh2+ 49. Kd3 Rxb2 50. Rf5+ Ke7 51. Rxf4 Kd7 52. Rxb4 Kd6 53. Rxb5 Bc5 54. a4 Kxd5 55. b4 Rxb4 56. Rxb4 Bxb4 57. g5 Be7 58. g6 Bf6 59. a5 Kc5 60. Ke4 Kb5 61. Kf5 1-0


[Site "https://www.chess.com"]

[Event "Titled Tuesday Blitz March 01 Early 2022"]
[White "Kollars, Dmitrij"]
[Black "Krysa, Leandro"]
[WhiteFideId "12909572"]
[BlackFideId "116807"]
[WhiteElo "2584"]
[BlackElo "2490"]
[Result "1-0"]
[Round "03"]
[TimeControl "180+1"]
[Date "2022.03.01"]
[WhiteClock "0:00:10"]
[BlackClock "0:00:05"]

1. d4 d5 2. c4 c6 3. Nf3 Nf6 4. Nc3 dxc4 5. a4 Bf5 6. e3 e6 7. Bxc4 Bb4 8. O-O O-O 9. Bd2 Qe7 10. Qe2 a5 11. Ne5 Nbd7 12. e4 Bg6 13. Nxg6 hxg6 14. Bg5 e5 15. d5 Nb6 16. Rad1 Qc5 17. Bb3 Bxc3 18. bxc3 Qxc3 19. Rd3 Qb4 20. Bxf6 gxf6 21. dxc6 bxc6 22. Rb1 Kg7 23. Qe3 Nc4 24. Qc1 Rab8 25. Ba2 Qc5 26. Rc3 Rxb1 27. Qxb1 Rd8 28. Rxc4 Qa3 29. h3 Rd7 30. Rc1 Qxa4 31. Qc2 Qb4 32. Qxc6 Rd2 33. Qc4 Qa3 34. Qxf7+ Kh6 35. Rf1 Qxa2 36. Qxf6 Qc2 37. h4 Kh7 38. Qf7+ Kh6 39. Qg8 Qc7 40. Qh8+ Qh7 41. Qxe5 Qd7 42. Qg5+ Kh7 43. Qxa5 Rd1 44. Qa6 Rxf1+ 45. Qxf1 Qg4 46. Qe1 Qxh4 47. Qe3 Qe7 48. g3 Kg7 49. Kg2 Qe6 50. Qf4 Kh7 51. g4 Kg7 52. g5 Kh7 53. Kg3 Qe7 54. f3 Qf8 55. Qh4+ Kg8 56. Qf4 Kh7 57. Qc7+ Kg8 58. Qe5 Kh7 59. Qf6 Qb8+ 60. e5 Qc8 61. Qf7+ Kh8 62. Qf6+ Kh7 63. e6 Qc7+ 64. Qf4 Qe7 65. Qf7+ Qxf7 66. exf7 Kg7 67. Kf4 Kxf7 68. Ke5 Ke7 69. f4 Kf7 70. Kd6 Kg7 71. Ke7 1-0


[Site "https://www.chess.com"]

[Event "Titled Tuesday Blitz March 01 Early 2022"]
[White "Kosakowski, Jakub"]
[Black "Cruz Ravina, Francisco Javier"]
[WhiteFideId "1185080"]
[BlackFideId "2228939"]
[WhiteElo "2476"]
[BlackElo "2499"]
[Result "1-0"]
[Round "03"]
[TimeControl "180+1"]
[Date "2022.03.01"]
[WhiteClock "0:00:24"]
[BlackClock "0:00:05"]

1. e4 d5 2. exd5 Nf6 3. Nf3 Nxd5 4. d4 Bf5 5. Bd3 Bxd3 6. Qxd3 c6 7. c4 Nf6 8. O-O e6 9. Nc3 Be7 10. Be3 O-O 11. Rad1 Nbd7 12. d5 exd5 13. cxd5 cxd5 14. Nxd5 Re8 15. Qb3 Nxd5 16. Qxd5 Nf6 17. Qxb7 Qa5 18. b3 Rab8 19. Qxa7 Qxa7 20. Bxa7 Ra8 21. Bd4 Rxa2 22. Rfe1 Raa8 23. g3 Rab8 24. Rd3 Nd5 25. Be5 Rb5 26. Nd4 Rc5 27. Bd6 Nb4 28. Bxc5 Nxd3 29. Rxe7 1-0


[Site "https://www.chess.com"]

[Event "Titled Tuesday Blitz March 01 Early 2022"]
[White "Kretov, Evgenij"]
[Black "Santos Flores, Alberto"]
[WhiteFideId "4167821"]
[BlackFideId "3601234"]
[WhiteElo "2303"]
[BlackElo "2293"]
[Result "1-0"]
[Round "03"]
[TimeControl "180+1"]
[Date "2022.03.01"]
[WhiteClock "0:00:47"]
[BlackClock "0:00:15"]

1. d4 d5 2. c4 c6 3. Nc3 Nf6 4. e3 a6 5. Nf3 Bf5 6. Bd3 Bg6 7. O-O e6 8. Re1 Nbd7 9. e4 dxe4 10. Nxe4 Nxe4 11. Bxe4 Bxe4 12. Rxe4 Be7 13. Qc2 O-O 14. Be3 b5 15. b3 bxc4 16. bxc4 Nf6 17. Rh4 c5 18. dxc5 Qc7 19. Bd4 h6 20. Re1 Nd7 21. Rg4 Bf6 22. Be3 Kh8 23. Qd2 Kh7 24. Qd3+ g6 25. Nh4 Ne5 26. Qe4 Nxg4 27. Qxg4 Rad8 28. Nf3 Rd3 29. h4 Rfd8 30. h5 g5 31. Qe4+ Kg7 32. g3 Rd1 33. Rxd1 Rxd1+ 34. Kg2 Rd8 35. Nd4 Rc8 36. Nxe6+ fxe6 37. Qg6+ Kh8 38. Qxh6+ Kg8 39. Qxf6 Qc6+ 40. Kh2 g4 41. Qg6+ Kf8 42. Bh6+ Ke7 43. Bg5+ Kf8 44. h6 Qd7 45. h7 1-0


[Site "https://www.chess.com"]

[Event "Titled Tuesday Blitz March 01 Early 2022"]
[White "Krishnan, Varun"]
[Black "Khamdamova, Afruza"]
[WhiteFideId "5054508"]
[BlackFideId "14210444"]
[WhiteElo "2580"]
[BlackElo "1660"]
[Result "1-0"]
[Round "03"]
[TimeControl "180+1"]
[Date "2022.03.01"]
[WhiteClock "0:01:24"]
[BlackClock "0:01:01"]

1. e4 e5 2. Nf3 Nf6 3. Nxe5 d6 4. Nf3 Nxe4 5. Nc3 Nxc3 6. dxc3 Nc6 7. Bf4 Be7 8. Qd2 Be6 9. O-O-O Qd7 10. Kb1 a6 11. h4 h6 12. Be2 O-O-O 13. Nd4 Nxd4 14. cxd4 d5 15. Qa5 Qc6 16. Rd3 Bd6 17. Rc3 Qd7 18. Bxa6 c6 19. Bxd6 Qxd6 20. Qb6 Kd7 21. Bxb7 Ke7 22. Rxc6 Qf4 23. Qc7+ Qxc7 24. Rxc7+ Kf6 25. Ba6 Rb8 26. Bd3 g5 27. hxg5+ hxg5 28. Rxh8 Rxh8 29. a4 Rh2 30. a5 1-0


[Site "https://www.chess.com"]

[Event "Titled Tuesday Blitz March 01 Early 2022"]
[White "Lakshmi C"]
[Black "Ooi, Zhi Yang"]
[WhiteFideId "25035347"]
[BlackFideId "5709270"]
[WhiteElo "1775"]
[BlackElo "1802"]
[Result "0-1"]
[Round "03"]
[TimeControl "180+1"]
[Date "2022.03.01"]
[WhiteClock "0:00:04"]
[BlackClock "0:00:07"]

1. Nf3 d5 2. d4 Nf6 3. c4 e6 4. Nc3 Be7 5. Bg5 O-O 6. e3 Nbd7 7. Bd3 b6 8. O-O Bb7 9. Qe2 c5 10. Rfd1 cxd4 11. exd4 Rc8 12. Ne5 dxc4 13. Bxc4 Nxe5 14. dxe5 Nd7 15. Bf4 Qc7 16. b3 a6 17. a4 Nc5 18. Rac1 Rfd8 19. b4 Rxd1+ 20. Qxd1 Nd7 21. Bd3 Bxb4 22. Nd5 Qxc1 23. Bxc1 Bxd5 24. Bxa6 Rd8 25. Bf4 Nc5 26. Bb5 h6 27. h3 Nb7 28. Qd2 Bxd2 29. Bxd2 Bxg2 30. Be3 Bd5 31. Bxb6 Rc8 32. Be3 Rc2 33. f4 Ra2 34. Bb6 Ra1+ 35. Kf2 Rb1 36. Ke3 Rb4 37. Bc7 Rb3+ 38. Kd4 Rb4+ 39. Ke3 Kf8 40. Bb6 Kg8 41. Bd4 g5 42. fxg5 hxg5 43. Bb6 Kg7 44. Bc7 Kg6 45. Kd3 Kh5 46. Kc3 Rh4 47. Bd7 Rxh3+ 48. Kb4 Rh4+ 49. Kb5 Rh3 50. Kb6 Rb3+ 51. Ka7 Nc5 52. a5 Rb7+ 53. Ka8 Rxc7+ 54. Kb8 Rxd7 55. Kc8 g4 56. a6 g3 57. a7 Rxa7 58. Kd8 g2 59. Ke8 g1=Q 0-1


[Site "https://www.chess.com"]

[Event "Titled Tuesday Blitz March 01 Early 2022"]
[White "Lauridsen, Jesper Morch"]
[Black "Federzoni, Enzo"]
[WhiteFideId "1401890"]
[BlackFideId "2173301"]
[WhiteElo "2166"]
[BlackElo "1956"]
[Result "0-1"]
[Round "03"]
[TimeControl "180+1"]
[Date "2022.03.01"]
[WhiteClock "0:00:14"]
[BlackClock "0:00:50"]

1. e4 c5 2. d4 cxd4 3. c3 dxc3 4. Nxc3 Nc6 5. Nf3 g6 6. h4 Bg7 7. h5 d6 8. h6 Bf6 9. Nd5 Bg4 10. Be2 Bxf3 11. gxf3 Bd4 12. Bb5 Qa5+ 13. Bd2 Qd8 14. Rc1 Rc8 15. Qa4 Bc5 16. Bxc6+ bxc6 17. b4 Qd7 18. bxc5 cxd5 19. c6 Qe6 20. c7+ Qd7 21. Qxa7 dxe4 22. Bc3 e5 23. fxe4 Nf6 24. Bb4 Nxe4 25. Rh4 Ng5 26. Kf1 O-O 27. Qe3 Qb5+ 28. Kg1 e4 29. Bxd6 Nf3+ 30. Kh1 Nxh4 31. Bxf8 Qh5 32. Rc5 Nf5+ 33. Kg1 Qg4+ 34. Kh2 Nxe3 35. fxe3 Kxf8 0-1


[Site "https://www.chess.com"]

[Event "Titled Tuesday Blitz March 01 Early 2022"]
[White "Lou, Yiping"]
[Black "Griffith, Kyron"]
[WhiteFideId "8603928"]
[BlackFideId "2046318"]
[WhiteElo "2412"]
[BlackElo "2232"]
[Result "1-0"]
[Round "03"]
[TimeControl "180+1"]
[Date "2022.03.01"]
[WhiteClock "0:00:13"]
[BlackClock "0:00:22"]

1. d4 Nf6 2. Bf4 g6 3. Nf3 Bg7 4. e3 d6 5. h3 O-O 6. Be2 Nc6 7. O-O Nd7 8. Bh2 e5 9. c4 e4 10. Nfd2 f5 11. Nc3 Nf6 12. Rb1 Ne7 13. b4 Kh8 14. b5 Be6 15. a4 Qd7 16. Qc2 Rae8 17. Rfd1 g5 18. a5 Ng6 19. b6 axb6 20. axb6 c6 21. d5 cxd5 22. cxd5 Nxd5 23. Nxd5 Bxd5 24. Bb5 Rc8 25. Bxd7 Rxc2 26. Bxd6 Rd8 27. Ba4 Ra2 28. Bc7 Rf8 29. Bb3 Bxb3 30. Nxb3 f4 31. Rd2 Ra3 32. Bd6 fxe3 33. fxe3 Rxb3 34. Rxb3 Rc8 35. Bc7 Bf6 36. Rb5 Ra8 37. Rf5 Be7 38. Rd7 Kg8 39. Bg3 h5 40. Rxb7 Ra1+ 41. Kh2 h4 42. Be5 Rb1 43. Rxe7 Nxe7 44. Rxg5+ Kf7 45. Bd4 Nc6 46. Bc5 Ke6 47. Rg4 Kd5 48. Bf8 Rxb6 49. Rxh4 Rb8 50. Bh6 Ne5 51. Rh5 Ke6 52. Rxe5+ 1-0


[Site "https://www.chess.com"]

[Event "Titled Tuesday Blitz March 01 Early 2022"]
[White "Madaminov, Mukhiddin"]
[Black "Shubenkova, Veronika"]
[WhiteFideId "14210703"]
[BlackFideId "44124040"]
[WhiteElo "1916"]
[BlackElo "1938"]
[Result "1-0"]
[Round "03"]
[TimeControl "180+1"]
[Date "2022.03.01"]
[WhiteClock "0:00:59"]
[BlackClock "0:00:17"]

1. d4 d5 2. Nc3 e6 3. Bf4 Nf6 4. Nb5 Na6 5. e3 c6 6. Nc3 Nc7 7. Nf3 Bd6 8. Ne5 O-O 9. Bd3 Qe7 10. Bg5 Nce8 11. Ng4 h6 12. Bh4 Qd8 13. Qf3 Be7 14. Ne5 Nd7 15. Bxe7 Qxe7 16. Nxd7 Bxd7 17. O-O-O f5 18. Ne2 Nd6 19. Qf4 Ne4 20. h4 Be8 21. Rdf1 Bh5 22. f3 Nd6 23. Qe5 Nf7 24. Qh2 Nd6 25. Rfg1 b5 26. g4 fxg4 27. fxg4 Be8 28. g5 h5 29. Qe5 g6 30. Nf4 Rxf4 31. exf4 Bf7 32. Re1 Qd7 33. Qf6 Kh7 34. Bxg6+ Bxg6 35. Rxe6 Qg7 36. Rxd6 Re8 37. Kd2 Be4 38. Re1 Qc7 39. Qh6+ Kg8 40. Rg6+ Bxg6 41. Qxg6+ Qg7 42. Rxe8# 1-0


[Site "https://www.chess.com"]

[Event "Titled Tuesday Blitz March 01 Early 2022"]
[White "Makarian, Rudik"]
[Black "Vlassov, Nikolai"]
[WhiteFideId "44105681"]
[BlackFideId "4103360"]
[WhiteElo "2486"]
[BlackElo "2407"]
[Result "0-1"]
[Round "03"]
[TimeControl "180+1"]
[Date "2022.03.01"]
[WhiteClock "0:00:01"]
[BlackClock "0:00:19"]

1. e4 Nc6 2. Nf3 d5 3. exd5 Qxd5 4. Nc3 Qa5 5. Bb5 Bd7 6. O-O a6 7. b4 Qxb4 8. Rb1 Qd6 9. d4 O-O-O 10. Qe2 Bg4 11. Bxa6 Nxd4 12. Bxb7+ Kd7 13. Ne5+ Ke8 14. Qxg4 Nf6 15. Qg3 e6 16. Nb5 Ne2+ 17. Kh1 Nxg3+ 18. fxg3 Qxe5 19. Bf4 Qc5 20. Nxc7+ Ke7 21. Na6 Qc4 22. Nb4 Ke8 23. Nc6 Bd6 24. Nxd8 Bxf4 25. Rxf4 Qxc2 26. Rff1 Kxd8 27. Rfc1 Qxa2 28. Rd1+ Ke7 29. Bf3 Rd8 30. Re1 Nd5 0-1


[Site "https://www.chess.com"]

[Event "Titled Tuesday Blitz March 01 Early 2022"]
[White "Makhnev, Denis"]
[Black "Gormally, Daniel W"]
[WhiteFideId "13707647"]
[BlackFideId "406465"]
[WhiteElo "2491"]
[BlackElo "2543"]
[Result "1-0"]
[Round "03"]
[TimeControl "180+1"]
[Date "2022.03.01"]
[WhiteClock "0:00:08"]
[BlackClock "0:00:18"]

1. d4 g6 2. e4 Nf6 3. e5 Nh5 4. Bc4 d6 5. Qf3 e6 6. exd6 cxd6 7. Bb5+ Nd7 8. Ne2 Bg7 9. O-O O-O 10. c4 Nb6 11. c5 a6 12. Bd3 dxc5 13. dxc5 Nd7 14. Bc2 Nxc5 15. Nbc3 Bd7 16. Be3 Bc6 17. Qh3 Nd7 18. Rad1 Qa5 19. Nd4 Ne5 20. Bb3 Kh8 21. f4 Bd7 22. fxe5 Qxe5 23. Rfe1 Rad8 24. Qh4 Bf6 25. Qf2 Bg7 26. Nf3 Qb8 27. Bb6 Bc6 28. Bxd8 Rxd8 29. Rxd8+ Qxd8 30. Ne5 Be8 31. Nxf7+ Bxf7 32. Qxf7 h6 33. Qxe6 Qd4+ 34. Kh1 Nf4 35. Qg8# 1-0


[Site "https://www.chess.com"]

[Event "Titled Tuesday Blitz March 01 Early 2022"]
[White "Makhnev, Denis"]
[Black "Ter-Sahakyan, Samvel"]
[WhiteFideId "13707647"]
[BlackFideId "13302531"]
[WhiteElo "2491"]
[BlackElo "2592"]
[Result "1/2-1/2"]
[Round "03"]
[TimeControl "180+1"]
[Date "2022.03.01"]
[WhiteClock "0:00:45"]
[BlackClock "0:00:18"]

1. Nf3 d5 2. d4 Nf6 3. c4 e6 4. Nc3 Bb4 5. cxd5 exd5 6. Bg5 h6 7. Bxf6 Qxf6 8. Qa4+ Nc6 9. e3 O-O 10. Bb5 Qg6 11. O-O Bxc3 12. bxc3 Bh3 13. Nh4 Qg5 14. Bxc6 bxc6 15. Qxc6 Rae8 16. Qxc7 Qxh4 17. gxh3 Qxh3 18. Qg3 Qc8 19. Rac1 Re6 20. Kh1 Rg6 21. Qf3 Rd8 22. Rg1 Rxg1+ 23. Rxg1 Rd6 24. Qg3 Rg6 25. Qe5 Rxg1+ 26. Kxg1 Qg4+ 27. Qg3 Qc8 28. Qe5 Qg4+ 29. Qg3 Qc8 30. Qe5 1/2-1/2


[Site "https://www.chess.com"]

[Event "Titled Tuesday Blitz March 01 Early 2022"]
[White "Manukyan, Sargis A."]
[Black "Bryakin, Mikhail"]
[WhiteFideId "13303970"]
[BlackFideId "4165314"]
[WhiteElo "2187"]
[BlackElo "2421"]
[Result "0-1"]
[Round "03"]
[TimeControl "180+1"]
[Date "2022.03.01"]
[WhiteClock "0:00:06"]
[BlackClock "0:02:05"]

1. d4 Nf6 2. e3 g6 3. Nf3 Bg7 4. Be2 O-O 5. O-O c5 6. b3 cxd4 7. exd4 b6 8. Bb2 Bb7 9. Nbd2 d6 10. c4 Nbd7 11. Rc1 a5 12. Qc2 Nh5 13. Rfd1 Nf4 14. Bf1 Qc7 15. g3 Nh5 16. Bg2 Rfe8 17. Qb1 a4 18. Bc3 axb3 19. axb3 Ra7 20. Qb2 Rea8 21. Ra1 Rxa1 22. Rxa1 Qb8 23. Rxa8 Qxa8 24. Ne1 Bxg2 25. Nxg2 b5 26. Ne3 bxc4 27. bxc4 Nhf6 28. Qc2 h5 29. h4 Bh6 30. Nef1 Ng4 31. Qe4 Qxe4 32. Nxe4 Ngf6 33. Nxf6+ Nxf6 34. f3 Nd7 35. Kf2 Bg7 36. Ke3 Nb6 37. Kd3 Nd7 38. Ne3 Kf8 39. Nd5 Ke8 40. Bb4 Nf8 41. c5 Kd7 42. Kc4 Ne6 43. Nb6+ Kc7 44. cxd6+ Kxb6 45. dxe7 Nc7 46. d5 Ne8 47. d6 Kc6 48. Bc5 Be5 49. f4 Bxd6 50. Bxd6 Kxd6 51. Kd4 Kxe7 52. Ke5 Nd6 53. Kd5 Nf5 0-1


[Site "https://www.chess.com"]

[Event "Titled Tuesday Blitz March 01 Early 2022"]
[White "Martin Duque, Jesus"]
[Black "Zia, Tahsin Tajwar"]
[WhiteFideId "2208954"]
[BlackFideId "10211888"]
[WhiteElo "2243"]
[BlackElo "1800"]
[Result "1-0"]
[Round "03"]
[TimeControl "180+1"]
[Date "2022.03.01"]
[WhiteClock "0:00:38"]
[BlackClock "0:00:06"]

1. d4 c6 2. c4 d5 3. Nf3 Nf6 4. g3 g6 5. Bg2 Bg7 6. b3 O-O 7. Bb2 dxc4 8. bxc4 c5 9. O-O Qb6 10. Qb3 Nbd7 11. d5 e6 12. dxe6 Qxe6 13. Nc3 Nb6 14. Nd2 Rd8 15. Rfd1 h5 16. Nb5 Qxe2 17. Bxf6 Bxf6 18. Ne4 Bxa1 19. Rxd8+ Kg7 20. Qb1 Be5 21. Re8 Be6 22. Rxe6 fxe6 23. Nxc5 Qxc4 24. Nd3 Bf6 25. Bf1 Rc8 26. Nf4 Qc1 27. Qxg6+ Kf8 28. Qxf6+ Ke8 29. Nd6+ Kd7 30. Qxe6+ Kc7 31. Nxc8 1-0


[Site "https://www.chess.com"]

[Event "Titled Tuesday Blitz March 01 Early 2022"]
[White "Marzaduri, Riccardo"]
[Black "Sargsyan, Anna M."]
[WhiteFideId "886084"]
[BlackFideId "13308130"]
[WhiteElo "2200"]
[BlackElo "2271"]
[Result "0-1"]
[Round "03"]
[TimeControl "180+1"]
[Date "2022.03.01"]
[WhiteClock "0:00:01"]
[BlackClock "0:01:26"]

1. e4 c6 2. d4 d5 3. Nc3 dxe4 4. Nxe4 Nd7 5. Ng5 Ngf6 6. Bc4 e6 7. Qe2 Nb6 8. Bd3 h6 9. N5f3 c5 10. dxc5 Bxc5 11. Ne5 O-O 12. Ngf3 Qc7 13. O-O Nbd5 14. a3 b6 15. c4 Ne7 16. b4 Bd6 17. Bb2 Bb7 18. Rfe1 Rad8 19. Rac1 Qb8 20. c5 bxc5 21. bxc5 Bxe5 22. Bxe5 Qa8 23. Bxf6 gxf6 24. Nh4 Rd4 25. Rc4 Rfd8 26. Rxd4 Rxd4 27. g3 Qd8 28. Bb1 Qd5 29. f3 Qxc5 30. Qf2 Qc3 31. Rf1 Kg7 32. Ng2 Nd5 33. Be4 a5 34. Bxd5 Bxd5 35. Nf4 Bc4 36. Re1 Rd2 37. Qe3 Qxe3+ 38. Rxe3 a4 39. Rc3 Bb3 40. Nd3 Ra2 41. Nc5 Rxa3 0-1


[Site "https://www.chess.com"]